 Dungeon Crawl Stone Soup version 0.26.0-16-gc1dbca0489 (webtiles) character file.

Game seed: 10948697608501301314

2 EnegeticOcto the Chiller (level 1, -2/13 HPs)
             Began as a Formicid Ice Elementalist on Jan 21, 2021.
             Slain by a hobgoblin
             ... wielding a +0 club
              (6 damage)
             ... on level 1 of the Dungeon.
             The game lasted 00:00:29 (71 turns).

EnegeticOcto the Chiller (Formicid Ice Elementalist)  Turns: 71, Time: 00:00:30

Health: -2/13      AC:  2    Str: 12    XL:     1   Next: 44%
Magic:  1/3        EV: 12    Int: 14    God:
Gold:   23         SH:  0    Dex: 11    Spells: 3/4 levels left

rFire    . . .     SeeInvis +   (no weapon)
rCold    . . .     Faith    .   (no shield)
rNeg     . . .     Spirit   .   a - +0 robe
rPois    .         Reflect  .   (helmet unavailable)
rElec    .         Harm     .   (no cloak)
rCorr    .         Rampage  .   (no gloves)
Will     .....                  (no boots)
Stlth    ++........             (no amulet)
HPRegen  0.04/turn              (no ring)
MPRegen  0.08/turn              (no ring)

@: no status effects
A: permanent stasis, dig shafts and tunnels, four strong arms, antennae 3
a: Dig, Shaft Self


You were on level 1 of the Dungeon.
You visited 1 branch of the dungeon, and saw 1 of its levels.

You collected 23 gold pieces.

Inventory:

Missiles
 b - a throwing net {!f}
 c - 18 stones
Armour
 a - a +0 robe (worn)


   Skills:
 - Level 1.7 Dodging
 - Level 2.4 Stealth
 - Level 2.1 Spellcasting
 + Level 4.1 Ice Magic


You had 3 spell levels left.
You knew the following spells:

 Your Spells              Type           Power        Failure   Level
a - Freeze                Ice            52%          4%          1

Your spell library contained the following spells:

 Spells                   Type           Power        Failure   Level
 Frozen Ramparts          Ice            26%          13%         3
 Ozocubu's Armour         Ice            13%          13%         3
 Hailstorm                Conj/Ice       7%           69%         4
 Summon Ice Beast         Ice/Summ       7%           69%         4


Dungeon Overview and Level Annotations

Branches:
Dungeon (1/15)

Altars:


Innate Abilities, Weirdness & Mutations

You cannot be hasted, slowed, berserked, paralysed or teleported.
You can dig through walls and to a lower floor.
Your four strong arms can wield two-handed weapons with a shield.
You have a pair of large antennae on your head. (SInv)


Message History

Welcome, EnegeticOcto the Formicid Ice Elementalist.
Will you be the one to retrieve the transcendent Orb of Zot from the depths?
Press ? for a list of commands and other information.
Found a staircase leading out of the dungeon.
There is a staircase leading out of the dungeon here.
You open the door.
There is an open door here.
Found 17 gold pieces.
Found a throwing net.
Found 6 gold pieces.
A frilled lizard comes into view.
You see here 17 gold pieces.
You see here 17 gold pieces.
You now have 17 gold pieces.
Casting: Freeze (safe; 4% risk of failure)
Confirm with . or Enter, or press ? or * to list all spells.
Aiming: Freeze (safe; 4% risk of failure)
Press: ? - help, Shift-Dir - straight line, f - you You can't see any hostile targets that would be affected.
That would be overly suicidal.
Okay, then.
Unknown command.
The frilled lizard bites you.
Casting: Freeze (safe; 4% risk of failure)
Confirm with . or Enter, or press ? or * to list all spells.
Aiming: Freeze (safe; 4% risk of failure)
Press: ? - help, Shift-Dir - straight line, f - frilled lizard
Aim: a frilled lizard You freeze the frilled lizard.
You kill the frilled lizard!
b - a throwing net {!f} You now have 23 gold pieces (gained 6).
Magic restored.
You sense a monster nearby.
A bat comes into view.
A bat comes into view.
Found 13 stones.
The bat completely misses you. x2; The bat closely misses you.
Casting: Freeze (safe; 4% risk of failure)
Confirm with . or Enter, or press ? or * to list all spells.
Aiming: Freeze (safe; 4% risk of failure)
Press: ? - help, Shift-Dir - straight line, f - bat
Aim: a bat You freeze the bat!
You kill the bat!
The bat barely misses you. The bat hits you but does no damage.
Casting: Freeze (safe; 4% risk of failure)
Confirm with . or Enter, or press ? or * to list all spells.
Aiming: Freeze (safe; 4% risk of failure)
Press: ? - help, Shift-Dir - straight line, f - bat
Aim: a bat You freeze the bat.
The bat is severely wounded.
The bat hits you. x2
You hit the bat.
You kill the bat!
Found 18 stones.
A kobold comes into view. It is wielding a +0 dagger.
The kobold shouts!
You hear a shout!
You see here 18 stones.
c - 18 stones The kobold throws a stone.
The stone barely misses you.
A hobgoblin comes into view. It is wielding a +0 club.
The kobold throws a stone.
The stone hits you.
Found an escape hatch in the floor.
A kobold comes into view. It is wielding a +0 dagger.
The kobold throws a stone.
The stone barely misses you.
Found a scroll labelled CYJIORGH QINGAE.
A rat comes into view.
The kobold throws a stone.
The stone barely misses you. The kobold hits you with a +0 dagger.
Found 14 gold pieces.
Casting: Freeze (safe; 4% risk of failure)
Confirm with . or Enter, or press ? or * to list all spells.
Aiming: Freeze (safe; 4% risk of failure)
Press: ? - help, Shift-Dir - straight line, f - hobgoblin
Aim: a hobgoblin, wielding a +0 club You freeze the hobgoblin.
The hobgoblin is almost dead.
The kobold shouts!
The rat twitches its whiskers.
The kobold hits you but does no damage.
The rat twitches its whiskers.
The hobgoblin hits you with a +0 club.
You die...

#.. .# ...# #.###.######
#..# #.#.......?## .#..#
#.#.#.......$ .#..#
##......>..... ....#
###(...##.......
.#..#########....K..........
..............(..g.rK.......
##..# ###.##.##@####.......
....# #.##.##.# .......
....######.##.##.# .......
............#.##.# .......
.#########..#.##.# ####.##
.# #..#.##.# .# .# #....##.#
# .# #.##.##.# .# #...†#


You could see a hobgoblin, 2 kobolds and a rat.

Vanquished Creatures
  2 bats (D:1)
  A frilled lizard (D:1)
3 creatures vanquished.

Notes
Turn   | Place    | Note
-------+----------+-------------------------------------------
     0 | D:1      | EnegeticOcto the Formicid Ice Elementalist began the quest
                  | for the Orb.
     0 | D:1      | Reached XP level 1. HP: 13/13 MP: 3/3
    71 | D:1      | Slain by a hobgoblin

Illustrated notes

Levels and vault maps discovered:
D:1:      shiori_shiawase, layout_loops_ring

Action                   || total
-------------------------++-------
Melee: Unarmed           ||     1
 Cast: Freeze            ||     4
Armor: Robe              ||     1
Dodge: Dodged            ||     7
